 Dungeon Crawl Stone Soup version 0.27-a0-75-g9f9dfd16e9 (webtiles) character file.

Game seed: 4529222434158535359

42 kae the Insei (level 3, -1/23 HPs)
             Began as an Octopode Transmuter on Jan 12, 2021.
             Slain by a quokka (4 damage)
             ... on level 2 of the Dungeon.
             The game lasted 00:00:54 (1787 turns).

kae the Insei (Octopode Transmuter)                 Turns: 1787, Time: 00:00:55

Health: -1/23      AC:  1    Str: 10    XL:     3   Next: 56%
Magic:  6/6        EV: 13    Int: 15    God:
Gold:   96         SH:  0    Dex: 12    Spells: 2/6 levels left

rFire    . . .     SeeInvis .     - Unarmed
rCold    + . .     Faith    .   (no shield)
rNeg     . . .     Spirit   .   (helmet restricted)
rPois    .         Reflect  .   (no amulet)
rElec    .         Harm     .   b - ring of protection from cold
rCorr    .         Rampage  .   (no ring)
Will     .....                  (no ring)
Stlth    ++........             (no ring)
HPRegen  0.07/turn              (no ring)
MPRegen  0.10/turn              (no ring)
                                (no ring)
                                (no ring)

@: no status effects
A: almost no armour, stealthy swim, amphibious, 8 rings, constrict 8, camouflage
1, gelatinous body 1
a: no special abilities


You were on level 2 of the Dungeon.
You visited 1 branch of the dungeon, and saw 3 of its levels.

You collected 96 gold pieces.

Inventory:

Jewellery
 b - a ring of protection from cold (left tentacle)
Scrolls
 a - a scroll of remove curse
 d - a scroll of teleportation
 h - a scroll of enchant armour
 i - 3 scrolls of identify
 j - a scroll of noise {unknown}
Potions
 c - a potion of heal wounds {unknown}
 e - a potion of resistance {unknown}
 f - a potion of attraction
 g - 2 potions of haste {unknown}
 k - a potion of lignification {unknown}


   Skills:
 + Level 1.4 Fighting
 + Level 2.4 Dodging
 * Level 3.5 Unarmed Combat
 + Level 2.2 Spellcasting
 + Level 2.3 Transmutations
 * Level 0.4 Poison Magic


You had 2 spell levels left.
You knew the following spells:

 Your Spells              Type           Power        Failure   Level
a - Beastly Appendage     Tmut           16%          9%          1
b - Spider Form           Tmut/Pois      2%           36%         3

Your spell library contained the following spells:

 Spells                   Type           Power        Failure   Level
 Wereblood                Tmut           8%           12%         2
 Ice Form                 Ice/Tmut       5%           80%         4
 Blade Hands              Tmut           4%           92%         5


Dungeon Overview and Level Annotations

Branches:
Dungeon (3/15)

Altars:
The Shining One


Innate Abilities, Weirdness & Mutations

You cannot wear most types of armour.
You are very stealthy in the water. (Stealth+)
You are amphibious.
You can wear up to eight rings at the same time.
You can use your tentacles to constrict eight enemies at once.
Your skin changes colour to match your surroundings (Stealth+).
Your rubbery body absorbs attacks. (AC +1, EV +1)


Message History

The quokka bites you.
Your tentacle spike disappears.
The quokka bites you.
There is a stone staircase leading up here.
The quokka barely misses you.
You climb upwards.
There is a stone staircase leading down here.
You completely miss the quokka. Your grab misses the quokka.
The quokka barely misses you.
You closely miss the quokka. You grab the quokka.
You constrict the quokka, but do no damage.
The quokka bites you. x2
A quokka is nearby!
You barely miss the quokka. You constrict the quokka. The quokka bites you.
* * * LOW HITPOINT WARNING * * *
A quokka is nearby!
You tentacle-slap the quokka.
The quokka is severely wounded.
You constrict the quokka. The quokka bites you.
You die...

#..........#+#..#
####............####
##.......).....)<#
..............#(#### +
########.(...........+
###......##[..
#####..##.#.# #.....#
# ##@...# #r...#
....?.... ##........
#.##..... #.# .....
#.# .... #.# ....


You could see a quokka.

Vanquished Creatures
  A gnoll (D:1)
  2 worms
  A dart slug (D:1)
  3 bats
  3 giant cockroaches (D:1)
  6 goblins
  A hobgoblin (D:1)
  A quokka (D:3)
  3 frilled lizards (D:1)
  A kobold (D:1)
  3 rats (D:1)
25 creatures vanquished.

Vanquished Creatures (others)
  6 toadstools (D:2)
6 creatures vanquished.

Grand Total: 31 creatures vanquished

Notes
Turn   | Place    | Note
-------+----------+-------------------------------------------
     0 | D:1      | kae the Octopode Transmuter began the quest for the Orb.
     0 | D:1      | Reached XP level 1. HP: 13/13 MP: 3/3
   308 | D:1      | Reached XP level 2. HP: 15/18 MP: 3/5
   940 | D:1      | Reached XP level 3. HP: 9/23 MP: 6/6
   949 | D:1      | Learned a level 3 spell: Spider Form
  1469 | D:1      | Found a glowing golden altar of the Shining One.
  1734 | D:2      | You fall into a shaft and drop 1 floor!
  1787 | D:2      | Slain by a quokka

Illustrated notes

Levels and vault maps discovered:
D:1:      dpeg_arrival_brainrot, layout_basic, tso_altar
D:2:      cheibrodos_fertilizer, layout_basic
D:3:      layout_rooms, okawaru_metal_pillars_3, nicolae_overflow_crystal_walls,
          serial_forest, infiniplex_forest_lined_3_way,
          infiniplex_forest_clump_long, infiniplex_forest_end_3,
          infiniplex_forest_end_2, infiniplex_forest_end_2,
          infiniplex_forest_zigzag_1, infiniplex_forest_split,
          infiniplex_forest_lined_ring, infiniplex_forest_lined_3,
          minmay_checkerbox

Action                   || total
-------------------------++-------
Melee: Unarmed           ||    56
       Constrict         ||    16
       Kick              ||    12
       Tentacles         ||    10
       Punch             ||     1
 Cast: Beastly Appendage ||    13
  Use: Scroll            ||     4
 Stab: Sleeping          ||     3
Armor: Skin              ||     3
Dodge: Dodged            ||    27

Table legend: (Time is in decaauts)
 A = Elapsed time spent in this place.
 B = Non-inter-level travel time spent in this place.
 C = Inter-level travel time spent in this place.
 D = Time resting spent in this place.
 E = Time spent auto-exploring this place.
 F = Levels seen in this place.
 G = Mean time per level.
                   A        B        C        D        E       F      G
               +--------+--------+--------+--------+--------+-----+--------+
         Total |   1783 |   1737 |     46 |      3 |   1526 |   3 |  594.3 |
       Dungeon |   1783 |   1737 |     46 |      3 |   1526 |   3 |  594.3 |
               +--------+--------+--------+--------+--------+-----+--------+

Top non-repeatable levels by time:
     D:1: 1606 daAuts
     D:2: 128 daAuts
     D:3: 48 daAuts
